 Dungeon Crawl Stone Soup version 0.17.0-73-gb648821 (webtiles) character file.

105 Ivanskos the Covered (level 4, -5/43 HPs)
             Began as a Deep Dwarf Fighter on Dec 9, 2015.
             Slain by an ogre
             ... wielding a cursed -1 giant club
              (23 damage)
             ... on level 4 of the Dungeon.
             The game lasted 00:07:42 (2153 turns).

Ivanskos the Covered (Deep Dwarf Fighter)           Turns: 2153, Time: 00:07:42

Health: -5/43      AC:  8    Str: 25    XL:     4   Next: 54%
Magic:  4/4        EV:  7    Int:  9    God:
Gold:   207        SH: 10    Dex: 16    Spells: 0 memorised, 3 levels left

rFire  . . .     SeeInvis .     a - +0 flail
rCold  + . .     Clarity  .     b - +0 scale mail
rNeg   . . .     SustAt   .     c - +0 shield
rPois  .         Gourm    .     (no helmet)
rElec  .         Spirit   .     y - +0 cloak
rCorr  +         Warding  .     (no gloves)
rMut   .         Stasis   .     (no boots)
MR     .....                    u - amulet of resist corrosion
Stlth  ..........               A - ring of protection from cold
                                h - +4 ring of dexterity

@: mighty, non-regenerating, not resistant to hostile enchantments, extremely
unstealthy
A: damage resistance, recharge devices, sense surroundings 1, slow regeneration
3
a: Device Recharging


You were on level 4 of the Dungeon.
You were not hungry.

You visited 1 branch of the dungeon, and saw 4 of its levels.

You collected 207 gold pieces.

Inventory:

Hand Weapons
 a - a +0 flail (weapon)
Armour
 b - a +0 scale mail (worn)
 c - a +0 shield (worn)
 y - a +0 cloak (worn)
Jewellery
 h - a +4 ring of dexterity (left hand)
 p - an uncursed ring of ice
 u - an amulet of resist corrosion (around neck)
 A - a ring of protection from cold (right hand)
Wands
 e - a wand of heal wounds (4)
Scrolls
 g - a scroll of magic mapping {unknown}
 i - a scroll of recharging {unknown}
 l - a scroll of enchant armour {unknown}
 m - a scroll of remove curse
 o - a scroll of amnesia {unknown}
 v - a scroll of teleportation {unknown}
 x - 2 scrolls of blinking {unknown}
 B - a scroll of immolation {unknown}
Potions
 d - a potion of might
 k - 2 potions of agility
 r - a potion of berserk rage
 s - a potion of magic
 t - a potion of heal wounds {unknown}
 w - a potion of haste {unknown}
 z - a potion of brilliance
Comestibles
 f - 7 bread rations
 j - 3 meat rations
 n - 2 royal jellies
 q - 3 fruits


   Skills:
 * Level 3.6 Fighting
 + Level 2.2 Maces & Flails
 + Level 4.2 Armour
 + Level 4.1 Shields


You had 3 spell levels left.
You didn't know any spells.

Dungeon Overview and Level Annotations

Branches:
Dungeon (4/15)
 Temple: D:4-7

Altars:
Gozag
Nemelex Xobeh


Innate Abilities, Weirdness & Mutations

You are resistant to damage.
You can recharge devices by infusing magical energy.
You passively map a small area around you.
You do not regenerate naturally.


Message History

An ogre comes into view. It is wielding a giant club.
The ogre shouts!
Drink which item? (? for menu, Esc to quit)
You feel very mighty all of a sudden.
Evoke which item? (* to show all) (? for menu, Esc to quit)
Zapping:
e - a wand of heal wounds (5)
Press: ? - help, Shift-Dir - straight line, f - you You feel much better.
This wand has 4 charges left.
You block the ogre's attack.
You hit the ogre.
The ogre is lightly wounded.
The ogre hits you with a giant club!
You barely miss the ogre.
The ogre is lightly wounded.
The ogre hits you with a giant club!!
You thump the ogre!
The ogre is heavily wounded.
The ogre hits you with a giant club!!
Ouch! That really hurt!
You die...

.........................†.
...........................
.......<...................
...........................
+###....####...####.######.
, #....######+#######.....
, ,
,+............#...........
,#......O.....+...........
,
,,#.......@....#...........
,,
#............#........... ,
,, ............#...........
, #+#####..##.####.####..#
* #..##.####.####+##
,*.....#............. ,
,#.....#^...<........ ,
#.....#.............
#.....#......)......


You could see an ogre.

Vanquished Creatures
  Jessica (D:3)
  3 worms (D:2)
  5 giant geckos
  5 bats
  7 goblins
  8 hobgoblins
  10 kobolds
  A quokka (D:4)
  6 giant cockroaches
  6 giant newts
  11 rats
63 creatures vanquished.

Notes
Turn   | Place    | Note
--------------------------------------------------------------
     0 | D:1      | Ivanskos the Deep Dwarf Fighter began the quest for the Orb.
     0 | D:1      | Reached XP level 1. HP: 20/20 MP: 1/1
   159 | D:1      | Reached XP level 2. HP: 24/27 MP: 2/2
   812 | D:2      | Reached XP level 3. HP: 27/34 MP: 3/3
   873 | D:2      | Reached skill level 4 in Armour
  1313 | D:2      | Reached XP level 4. HP: 23/42 MP: 4/4
  1363 | D:3      | Found an opulent altar of Gozag.
  1363 | D:3      | Found a sparkling altar of Nemelex Xobeh.
  1404 | D:3      | Noticed Jessica
  1415 | D:3      | Killed Jessica
  2146 | D:4      | Noticed an ogre
  2153 | D:4      | Slain by an ogre

Action                   |  1- 3 |  4- 6 || total
-------------------------+-------+-------++-------
Melee: Flail             |   156 |    28 ||   184
Evoke: Wand              |       |     1 ||     1
  Use: Scroll            |       |     5 ||     5
       Potion            |       |     1 ||     1
  Eat: Fruit             |     1 |     1 ||     2
       Meat ration       |       |     1 ||     1
